 Dungeon Crawl Stone Soup version 0.30.0-29-ga12c61a403 (webtiles) character file.

Game seed: 2879529488393402422

1548 Ijustatesigmund the Stinger (level 8, -1/54 HPs)
             Began as an Octopode Venom Mage on June 17, 2023.
             Was an Initiate of Cheibriados.
             Slain by a hound (5 damage)
             ... on level 5 of the Dungeon.
             The game lasted 00:13:23 (6489 turns).

Ijustatesigmund the Stinger (Octopode Venom Mage)   Turns: 6489, Time: 00:13:23

Health: -1/54      AC:  1    Str: 15    XL:     8   Next: 87%
Magic:  12/14      EV: 13    Int: 20    God:    Cheibriados [......]
Gold:   198        SH:  0    Dex: 13    Spells: 3/15 levels left

rFire   . . .        c - +5 war axe
rCold   . . .        (no shield)
rNeg    . . .        (helmet restricted)
rPois   +            (no amulet)
rElec   .            s - +6 ring of strength
rCorr   .            r - ring of poison resistance
SInv    .            (no ring)
Will    .....        (no ring)
Stlth   +++          (no ring)
HPRegen 0.29/turn    (no ring)
MPRegen 0.14/turn    (no ring)
                     (no ring)

%: no passive effects
@: very slow
A: almost no armour, amphibious, 8 rings, camouflage 1, gelatinous body 1,
(nimble swimmer 1), tentacles
a: Renounce Religion


You were on level 5 of the Dungeon.
You worshipped Cheibriados.
Cheibriados was noncommittal.
You visited 1 branch of the dungeon, and saw 5 of its levels.
You also visited: Ossuary.

You collected 198 gold pieces.

Inventory:

Hand Weapons
 c - a +5 war axe (weapon)
Missiles
 p - a throwing net
Magical Staves
 h - a staff of air
Jewellery
 r - a ring of poison resistance (right tentacle)
 s - a +6 ring of strength (left tentacle)
Scrolls
 e - a scroll of fear
 g - a scroll of enchant weapon
 k - a scroll of identify
 m - 3 scrolls of teleportation
 u - a scroll of poison
Potions
 a - a potion of magic
 b - a potion of might
 d - a potion of lignification
 f - 2 potions of brilliance
 i - 4 potions of curing
 j - 2 potions of flight
 l - 3 potions of resistance
 n - 3 potions of heal wounds
 o - a potion of mutation
 t - a potion of ambrosia


   Skills:
 - Level 4.0 Fighting
 - Level 4.5 Axes
 - Level 2.0 Dodging
 - Level 2.6 Stealth
 + Level 4.3 Spellcasting
 + Level 0.3 Conjurations
 - Level 5.1 Translocations
 + Level 1.1 Transmutations
 + Level 2.1 Air Magic
 + Level 6.2 Poison Magic
 + Level 1.2 Invocations


You had 3 spell levels left.
You knew the following spells:

 Your Spells              Type           Power      Damage    Failure   Level
a - Sting                 Tmut/Pois      76%        1d6       2%          1
b - Poisonous Vapours     Pois/Air       42%        N/A       3%          2
c - Mephitic Cloud        Conj/Pois/Air  15%        N/A       12%         3
d - Olgreb's Toxic Radia  Pois           29%        N/A       10%         4
e - Blink                 Tloc           48%        N/A       2%          2

Your spell library contained the following spells:

 Spells                   Type           Power      Damage    Failure   Level
 Lesser Beckoning         Tloc           48%        N/A       2%          2
 Momentum Strike          Conj/Tloc      30%        3d8       6%          2
 Slow                     Hex            16%        N/A       12%         1
 Summon Guardian Golem    Hex/Summ       4%         N/A       36%         3
 Freezing Cloud           Conj/Ice/Air   3%         6-21      94%         5
 Orb of Destruction       Conj           2%         9d5       100%        7
 Spellforged Servitor     Conj/Summ      2%         N/A       100%        7


Dungeon Overview and Level Annotations

Branches:
Dungeon (5/15)            Ossuary (visited)
 Temple: D:4-7

Altars:
Cheibriados
Elyvilon
Fedhas
Qazlal
Uskayaw

Shops:
D:5 *

Annotations:
D:2 Sigmund


Innate Abilities, Weirdness & Mutations

You cannot wear most types of armour.
You are amphibious.
You can wear up to eight rings at the same time.
Your skin changes colour to match your surroundings (Stealth+).
Your rubbery body absorbs attacks. (AC +1, EV +1)
((You are camouflaged when in or above water. (Stealth+)))
You have tentacles for arms and can constrict up to eight enemies at once.


Message History

The hound barks!
The centaur shouts!
The centaur wields a +0 shortbow.
The centaur shoots an arrow.
The arrow hits you!
A water moccasin comes into view.
Casting: Poisonous Vapours (safe; 3% risk of failure)
Confirm with . or Enter, or press ? or * to list all spells.
Aiming: Poisonous Vapours (safe; 3% risk of failure)
Press: ? - help, Dir - move target, f - centaur
Aim: a centaur, wielding a +0 shortbow Poisonous vapours surround the centaur!
The centaur is poisoned.
The water moccasin hisses angrily.
The centaur shoots an arrow.
The arrow hits you.
Unknown command.
Found a blossoming altar of Fedhas.
The centaur shoots an arrow.
The arrow hits you! The hound closely misses you.
The centaur shoots an arrow.
The arrow barely misses you. The hound barely misses you.
You hit the hound. You grab the hound.
The hound is lightly wounded.
You constrict the hound. The hound closely misses you.
The centaur unwields a +0 shortbow.
The centaur barely misses you. The centaur closely misses you.
The water moccasin bites you. The hound barely misses you.
You hit the centaur.
The centaur is moderately wounded.
You barely miss the hound. You hit the water moccasin. You constrict the hound.
The centaur misses you. The centaur barely misses you.
The water moccasin bites you! The hound bites you. The centaur hits you.
The centaur barely misses you. The water moccasin barely misses you.
The hound barely misses you.
You hit the centaur but do no damage.
The centaur is heavily wounded.
You hit the hound. You closely miss the water moccasin.
You constrict the hound. The centaur hits you.
* * * LOW HITPOINT WARNING * * *
The centaur kicks you.
* * * LOW HITPOINT WARNING * * *
The water moccasin bites you!
* * * LOW HITPOINT WARNING * * *
The hound bites you.
You die...

..#.... .# #.#.... .#
#.##... .# # ##.##...
.#.######...#.#.
.#.#..........#.
#.#####.....####...###.
#.....ch......###.## #.
###@S.......§..§# #.
#.....≈≈≈≈.≈≈≈≈.# #.
#.#...≈.......≈.###.
#.##..≈.♣♣♣♣♣.≈..###
#.##..≈... ♣.≈...##
#.##..≈.♣._.♣.≈§#..#
#.##..≈.♣.....≈.##.#
#.##..≈.♣♣♣♣♣§≈.##..
#.##..≈.......≈.##..


You could see a water moccasin, a centaur (poisoned) and a hound.

Vanquished Creatures
  A black bear (D:4)
  A phantom (D:4)
  10 scorpions
  A howler monkey (D:4)
  2 centaur zombies (Ossuary)
  2 jellies
  A hound (D:5)
  6 human zombies (Ossuary)
  An iron imp (D:5)
  2 iguanas (D:5)
  5 scorpion zombies (Ossuary)
  3 mummies (Ossuary)
  6 adders
  2 shadow imps
  An ufetubus (D:5)
  5 dart slugs
  4 orcs
  4 ball pythons
  7 bats
  8 endoplasms
  3 giant cockroaches
  9 goblins
  13 hobgoblins
  5 quokkas
  3 frilled lizards (D:3)
  4 goblin zombies (Ossuary)
  2 hobgoblin zombies (Ossuary)
  4 kobolds
  A kobold zombie (Ossuary)
  2 orc zombies (Ossuary)
  4 rats (D:1)
122 creatures vanquished.

Notes
Turn   | Place    | Note
-------+----------+-------------------------------------------
     0 | D:1      | Ijustatesigmund the Octopode Venom Mage began the quest for
                  | the Orb.
     0 | D:1      | Reached XP level 1. HP: 11/11 MP: 3/3
   211 | D:1      | Reached XP level 2. HP: 18/18 MP: 1/5
   214 | D:1      | Learned a level 2 spell: Poisonous Vapours
   412 | D:1      | Reached skill level 1 in Fighting
   560 | D:1      | Reached skill level 4 in Poison Magic
   742 | D:1      | Reached XP level 3. HP: 16/23 MP: 4/6
   746 | D:1      | Learned a level 3 spell: Mephitic Cloud
  1670 | D:2      | Reached skill level 1 in Air Magic
  1780 | D:2      | Noticed Sigmund
  1982 | D:3      | Found a faded altar of an unknown god.
  2015 | D:3      | Got Plato's Omnibus of Doom
  2063 | D:3      | Reached XP level 4. HP: 28/28 MP: 4/8
  2359 | D:3      | Found a stormy altar of Qazlal.
  2699 | D:3      | Reached XP level 5. HP: 34/34 MP: 2/9
  3386 | D:4      | Found a sand-covered staircase.
  3396 | Ossuary  | Entered an ossuary
  3413 | Ossuary  | Reached XP level 6. HP: 10/41 MP: 7/10
  3581 | Ossuary  | Reached XP level 7. HP: 29/45 MP: 9/11
  3785 | Ossuary  | Learned a level 4 spell: Olgreb's Toxic Radiance
  3788 | Ossuary  | Learned a level 2 spell: Blink
  3857 | Ossuary  | Reached skill level 1 in Translocations
  4143 | Ossuary  | Reached XP level 8. HP: 51/51 MP: 12/12
  4296 | Ossuary  | Reached skill level 5 in Translocations
  4368 | Ossuary  | Reached skill level 5 in Poison Magic
  4863 | D:4      | Found a hide-covered altar of Uskayaw.
  5376 | D:4      | Found a white marble altar of Elyvilon.
  5777 | D:5      | Entered Level 5 of the Dungeon
  5779 | D:5      | Found a snail-covered altar of Cheibriados.
  5789 | D:5      | Became a worshipper of Cheibriados the Contemplative
  5793 | D:5      | Reached skill level 6 in Poison Magic
  6009 | D:5      | Reached skill level 1 in Invocations
  6208 | D:5      | Found Cycwont's Overcharged Wands.
  6486 | D:5      | Found a blossoming altar of Fedhas.
  6489 | D:5      | Slain by a hound

Illustrated notes

Levels and vault maps discovered:
D:1:      amcnicky_arrival_choice, layout_basic, minmay_tree_intersection
D:2:      layout_basic, uniq_sigmund
D:3:      layout_loops_corners, mainiacjoe_overflow_boulevard,
          shapermc_ecumenical_altar_rom_forum, chequers_serial_rivers_small_a,
          nicolae_figureground_sparkle
D:4:      layout_basic, nicolae_uskayaw_dance_hall,
          nicolae_overflow_hidden_temple, nicolae_ossuary_entry_monument,
          skrybe_limestone_x
D:5:      layout_loops_ring, slow_altar_1, mainiacjoe_overflow_brackets,
          chequers_serial_rivers_micro_c, palyth_stone_intersect,
          nicolae_shop_overcharged_wands

Skill      XL: |  1  2  3  4  5  6  7  8 |
---------------+-------------------------+-----
Fighting       | 1 2 4 |  4.0
Poison Magic   | 4 6 |  6.2
Air Magic      | 1 2 |  2.1
Spellcasting   | 3 4 |  4.3
Axes           | 2 4 |  4.5
Translocations | 4 5 |  5.1
Invocations    | 1 |  1.2
Dodging        | |  2.0
Stealth        | |  2.6
Conjurations   | |  0.3
Transmutations | |  1.1

Action                     |  1- 3 |  4- 6 |  7- 9 || total
---------------------------+-------+-------+-------++-------
  Melee: Short sword       |     6 |       |       ||     6
         Constrict         |    12 |    11 |    26 ||    49
         Staff             |    50 |    21 |       ||    71
         Tentacles         |    11 |    11 |    29 ||    51
         Punch             |     2 |       |     2 ||     4
         War axe           |       |    26 |   115 ||   141
   Cast: Sting             |    15 |     2 |       ||    17
         Poisonous Vapours |    21 |    24 |    23 ||    68
         Olgreb's Toxic Ra |       |       |     1 ||     1
    Use: Scroll            |     1 |     9 |     4 ||    14
         Potion            |       |     4 |     3 ||     7
   Stab: Sleeping          |     6 |     2 |     6 ||    14
         Distracted        |       |       |     1 ||     1
 Armour: Skin              |     3 |    40 |     7 ||    50
  Dodge: Dodged            |    37 |    33 |    70 ||   140
